 Dungeon Crawl Stone Soup version 0.28.0 (webtiles) character file.

Game seed: 6685883063751196199

70 Pennybags the Grave Robber (level 4, 0/34 HPs)
             Began as a Ghoul Necromancer on Feb 7, 2022.
             Was an Initiate of Yredelemnul.
             Slain by Grinder (7 damage)
             ... on level 3 of the Dungeon on Feb 9, 2022.
             The game lasted 00:53:38 (4481 turns).

Pennybags the Grave Robber (Ghoul Necromancer)      Turns: 4481, Time: 00:53:38

Health: 0/34       AC:  2    Str: 11    XL:     4   Next: 22%
Magic:  2/6        EV: 12    Int: 12    God:    Yredelemnul [......]
Gold:   89         SH:  0    Dex:  9    Spells: 2/7 levels left

rFire   . . .      SeeInvis .   f - +0 spear
rCold   + . .      Faith    .   (no shield)
rNeg    + + +      Spirit   .   a - +0 robe
rPois   ∞          Reflect  .   (no helmet)
rElec   .          Harm     .   (no cloak)
rCorr   .          Rampage  .   (no gloves)
Will    .....                   (no boots)
Stlth   ++........              (no amulet)
HPRegen 0.00/turn               (no ring)
MPRegen 0.10/turn               (no ring)

@: inhibited regen
A: claws 1, cold resistance 1, negative energy resistance 3, inhibited
regeneration, torment resistance 2
a: Renounce Religion, Recall Undead Harvest


You were on level 3 of the Dungeon.
You worshipped Yredelemnul.
Yredelemnul was noncommittal.
You visited 1 branch of the dungeon, and saw 3 of its levels.

You collected 89 gold pieces.

Inventory:

Hand Weapons
 c - a +0 dagger
 e - a +2 mace of holy wrath
 f - a +0 spear (weapon)
 i - a +0 dagger
Missiles
 h - 2 poisoned darts
 k - 29 stones
Armour
 a - a +0 robe (worn)
 g - a +0 chain mail
Wands
 o - a wand of acid (9) (quivered)
Scrolls
 m - a scroll of teleportation
 p - a scroll of magic mapping {unknown}
 q - a scroll of fog
 s - a scroll of summoning {unknown}
Potions
 b - a potion of degeneration {unknown}
 d - 2 potions of berserk rage
 j - 2 potions of flight {unknown}
 l - 2 potions of haste {unknown}
 n - a potion of attraction {unknown}
 r - 3 potions of brilliance {unknown}


   Skills:
 + Level 0.6 Fighting
 + Level 0.4 Polearms
 + Level 1.9 Dodging
 + Level 2.3 Stealth
 + Level 0.1 Unarmed Combat
 + Level 2.3 Spellcasting
 + Level 4.9 Necromancy
 + Level 0.1 Invocations


You had 2 spell levels left.
You knew the following spells:

 Your Spells              Type           Power      Damage    Failure   Level
a - Pain                  Necr           52%        1d6       3%          1
b - Animate Skeleton      Necr           26%        N/A       3%          1
c - Vampiric Draining     Necr           13%        2d6       11%         3

Your spell library contained the following spells:

 Spells                   Type           Power      Damage    Failure   Level
 Slow                     Hex            4%         N/A       26%         1
 Static Discharge         Conj/Air       1%         N/A       36%         2
 Animate Dead             Necr           6%         N/A       34%         4
 Dispel Undead            Necr           13%        3d9       34%         4
 Confusing Touch          Hex            1%         N/A       61%         3
 Dazzling Flash           Conj/Hex       2%         N/A       61%         3
 Agony                    Necr           13%        N/A       67%         5
 Sticky Flame             Conj/Fire      1%         2d3       95%         4
 Silence                  Hex/Air        0%         N/A       100%        5


Dungeon Overview and Level Annotations

Branches:
Dungeon (3/15)

Altars:
Cheibriados
Yredelemnul

Annotations:
D:3 Grinder


Innate Abilities, Weirdness & Mutations

You thrive by killing the living.
You are immune to poison.
You have sharp fingernails.
Your flesh is cold resistant. (rC+)
You are immune to negative energy. (rN+++)
You do not regenerate when monsters are visible.
You are immune to unholy pain and torment.


Message History

Grinder blinks!
The ball python barely misses you. The ball python grabs you.
The ball python constricts you.
You escape the ball python's grasp.
Grinder blinks!
You hit the ball python but do no damage.
The ball python misses you. The ball python closely misses you.
You closely miss the ball python. The ball python misses you.
The ball python closely misses you.
You hit the ball python.
You kill the ball python!
A black mist starts to gather...
Grinder gestures at you.
You suddenly lose the ability to move!
Grinder blinks!
Grinder hits your ball python zombie!
Your ball python zombie is destroyed!
You can move again.
Okay, then.
Throw: 5 darts (poison)
Press: ? - help, Shift-Dir - straight line, f/p - Grinder
Aim: Grinder (47% to hit)
You throw a poisoned dart. The poisoned dart hits Grinder.
Throw: 4 darts (poison)
Press: ? - help, Shift-Dir - straight line, f/p - Grinder
Aim: Grinder (47% to hit)
You throw a poisoned dart.
The poisoned dart closely misses Grinder.
Throw: 3 darts (poison)
Press: ? - help, Shift-Dir - straight line, f/p - Grinder
Aim: Grinder (47% to hit)
You throw a poisoned dart. The poisoned dart hits Grinder.
Grinder says, "You look like you could use a good racking."
You are too injured to fight recklessly!
You are too injured to fight recklessly!
Okay, then.
Okay, then.
You hit Grinder but do no damage. Grinder hits you.
* * * LOW HITPOINT WARNING * * *
You barely miss Grinder. Grinder hits you!
You die...
Yredelemnul claims you as an undead slave.

###.........###..## #
##."..#......##.....
..####.............#.....
#.(.....................
##...(.......#....#....>.
.............#...........
##....(......#....##.....
#.[...5.....#....##.....
#......@.......#####....
##.#.............)......
#.#.......###.#.###.... #
#.#....## #.#.###....
#....#.# #..........
...#.#.# ##..##.>....
.#......###<.#####....
.#..........)## #....
.........## #.#..


You could see Grinder.

Vanquished Creatures
  An adder (D:2)
  A worm (D:2)
  A dart slug (D:1)
  7 bats
  3 endoplasms
  2 giant cockroaches (D:1)
  5 goblins
  3 hobgoblins
  4 jackals (D:2)
  3 quokkas
  2 ball pythons
  4 kobolds
  6 rats
42 creatures vanquished.

Vanquished Creatures (collateral kills)
  A worm (D:2)
  2 endoplasms (D:2)
  A goblin (D:2)
  A kobold (D:2)
  A rat (D:2)
6 creatures vanquished.

Vanquished Creatures (others)
  A bat zombie (D:2)
  A ball python zombie (D:3)
  A giant cockroach zombie (D:2)
  A goblin zombie (D:2)
  A quokka zombie (D:2)
  A rat zombie (D:3)
  8 plants (D:2)
14 creatures vanquished.

Grand Total: 62 creatures vanquished

Notes
Turn   | Place    | Note
-------+----------+-------------------------------------------
     0 | D:1      | Pennybags the Ghoul Necromancer began the quest for the
                  | Orb.
     0 | D:1      | Reached XP level 1. HP: 14/14 MP: 2/2
   488 | D:1      | Reached XP level 2. HP: 8/20 MP: 0/3
  1330 | D:1      | Learned a level 1 spell: Animate Skeleton
  1864 | D:2      | Reached XP level 3. HP: 26/26 MP: 2/4
  2424 | D:2      | Found a snail-covered altar of Cheibriados.
  2907 | D:2      | Found a faded altar of an unknown god.
  2920 | D:2      | Prayed at the altar of an unknown god.
  2920 | D:2      | Became a worshipper of Yredelemnul the Dark
  2920 | D:2      | Reached * piety under Yredelemnul
  3269 | D:2      | Reached XP level 4. HP: 34/34 MP: 2/6
  3936 | D:2      | Learned a level 3 spell: Vampiric Draining
  4448 | D:3      | Noticed Grinder
  4457 | D:3      | Paralysed by Grinder for 7 turns
  4473 | D:3      | Paralysed by Grinder for 4 turns
  4481 | D:3      | Slain by Grinder

Illustrated notes

Levels and vault maps discovered:
D:1:      minmay_arrival_stair_chambers, layout_rooms, minmay_indecisive_spiral
D:2:      layout_basic, basic_altar, chequers_ecumenical_altar_lobes,
          mrwooster_statue_mirror
D:3:      layout_rooms, minmay_misc_feat_hallway, uniq_grinder

Skill      XL: |  1  2  3 |
---------------+----------+-----
Spellcasting   | 2 |  2.3
Fighting       | |  0.6
Polearms       | |  0.4
Dodging        | |  1.9
Stealth        | |  2.3
Unarmed Combat | |  0.1
Necromancy     | |  4.9
Invocations    | |  0.1

Action                   |  1- 3 |  4- 6 || total
-------------------------+-------+-------++-------
Melee: Unarmed           |    30 |       ||    30
       Spear             |    55 |    16 ||    71
       Punch             |     2 |       ||     2
Throw: Dart              |       |     3 ||     3
 Cast: Pain              |    55 |    10 ||    65
       Animate Skeleton  |     1 |       ||     1
       Vampiric Draining |       |     4 ||     4
Invok: Recall Undead Har |     1 |     8 ||     9
  Use: Scroll            |     4 |     2 ||     6
 Stab: Sleeping          |     1 |       ||     1
Armor: Robe              |    39 |     6 ||    45
Dodge: Dodged            |   106 |    15 ||   121
